Map: Эфемерон РВ

Players

MindelVK - Winner!

  • Race: Protoss Protoss
  • League: Grandmaster
  • Spawn Location: 5:00

ИИ 1 (новичок)

  • Race: Terran Terran
  • Spawn Location: 11:00

VOD

Have the link to the VOD?

Description

Time

  • Played on: Jan. 18, 2020, 9:12 a.m.
  • Length: 6:08
Show
View Real Time Build Order
Export as new Build Order

MindelVK Protoss - Winner!

Build Orders: 1 Gate Expand, Blink Stalkers 

Get SALT Encoding   

  12  0:00  Probe  
  13  0:12  Probe  
  14  0:17  Pylon  
  14  0:24  Probe (Chrono Boost)  
  15  0:37  Probe (Chrono Boost)  
  15  0:38  Gateway  
  16  0:44  Probe (Chrono Boost)  
  16  0:46  Assimilator  
  17  0:51  Probe  
  18  1:03  Probe  
  19  1:15  Probe  
  20  1:25  Cybernetics Core  
  20  1:33  Nexus  
  20  1:36  Probe  
  21  1:44  Pylon  
  21  1:48  Probe  
  21  1:51  Assimilator  
  22  1:59  Adept (Chrono Boost)  
  22  2:00  Probe  
  23  2:04  Warp Gate  
  25  2:12  Probe  
  26  2:20  Stalker (Chrono Boost)  
  28  2:24  Probe  
  30  2:38  Probe (Chrono Boost)  
  30  2:40  Twilight Council  
  30  2:44  Stalker  
  30  2:47  Probe (Chrono Boost)  
  34  2:54  Probe (Chrono Boost)  
  34  2:55  Probe (Chrono Boost)  
  35  3:01  Probe x2  
  37  3:13  Probe (Chrono Boost)  
  37  3:14  Probe (Chrono Boost)  
  37  3:15  Blink (Chrono Boost)  
  39  3:26  Probe (Chrono Boost)  
  41  3:28  Robotics Facility  
  41  3:32  Probe (Chrono Boost)  
  42  3:34  Probe (Chrono Boost)  
  42  3:38  Gateway, Probe (Chrono Boost)  
  43  3:41  Gateway  
  43  3:42  Gateway  
  43  3:45  Probe  
  43  3:48  Pylon  
  44  3:50  Probe  
  45  3:55  Assimilator  
  45  3:58  Probe  
  46  4:06  Gateway, Probe  
  46  4:07  Gateway  
  46  4:09  Pylon  
  47  4:14  Warp Prism (Chrono Boost)  
  47  4:21  Stalker  
  51  4:25  Pylon  
  51  4:30  Pylon  
  51  4:37  Stalker x2  
  55  4:40  Stalker  
  58  4:45  Pylon, Observer  
  58  5:06  Stalker x4  
  67  5:07  Stalker, Observer  
  67  5:12  Stalker  
  71  5:31  Stalker  
  71  5:32  Stalker x3  
  79  5:46  Stalker x2  
  83  6:01  Stalker  
  85  6:06  Pylon  
  85  6:07  Pylon  
Show
View Real Time Build Order
Export as new Build Order

ИИ 1 (новичок) Terran 

Build Orders: Reaper Expand 

Get SALT Encoding   

  12  0:00  SCV  
  13  0:13  SCV  
  14  0:18  Supply Depot  
  14  0:41  Barracks  
  14  1:03  Command Center  
  14  1:28  Marine  
  14  1:31  Supply Depot, Orbital Command  
  15  1:37  Refinery  
  14  1:50  Refinery  
  14  1:56  SCV  
  15  2:08  SCV  
  16  2:18  Reaper  
  16  2:21  SCV  
  19  2:22  SCV  
  19  2:33  SCV  
  21  2:37  SCV  
  21  2:45  SCV  
  21  2:51  SCV  
  22  2:59  SCV  
  22  3:00  Marine  
  24  3:06  SCV  
  24  3:10  Refinery  
  24  3:13  SCV  
  22  3:20  SCV  
  21  3:27  SCV  
  22  3:35  SCV  
  22  3:41  Marine  
  22  3:42  SCV  
  24  3:49  SCV  
  24  3:51  Factory  
  25  4:09  SCV  
  27  4:17  SCV  
  27  4:23  Reaper  
  29  4:24  SCV  
  29  4:31  SCV, Refinery  
  30  4:38  Starport  
  30  4:39  SCV  
  30  4:44  Supply Depot  
  31  4:46  SCV  
  32  4:53  SCV  
  32  4:55  Barracks Tech Lab  
  32  5:00  SCV  
  33  5:07  SCV  
  34  5:14  Marine, Starport Tech Lab  
  34  5:15  SCV  
  32  5:22  SCV  
  33  5:31  SCV  
  31  5:39  SCV  
  21  5:43  Hellion  
  21  5:46  SCV  
Tags
 
Add a new tag
Caveats
  • Supply blocks, unpowered buildings, or Contaminate may cause inaccurate times.
  • Supply counts are checked every 10 seconds.